 Dungeon Crawl Stone Soup version 0.29.1-12-g30fa7ad0bf (webtiles) character file.

Game seed: 2623293771756797895

425 xzight the Shield-Bearer (level 6, -1/53 HPs)
             Began as a Gnoll Fighter on Dec 29, 2022.
             Succumbed to an orc's poison
             ... on level 4 of the Dungeon.
             The game lasted 00:06:26 (2774 turns).

xzight the Shield-Bearer (Gnoll Fighter)            Turns: 2774, Time: 00:06:27

Health: -1/53      AC:  7    Str: 15    XL:     6   Next: 96%
Magic:  9/9        EV:  9    Int: 10    God:
Gold:   148        SH:  5    Dex: 11    Spells: 9/9 levels left

rFire   . . .      SeeInvis .   a - +0 trident
rCold   . . .      Faith    .   c - +0 buckler
rNeg    . . .      Spirit   .   b - +0 scale mail
rPois   .          Reflect  .   (no helmet)
rElec   .          Harm     .   (no cloak)
rCorr   .          Rampage  .   (no gloves)
Will    .....                   (no boots)
Stlth   +.........              i - amulet of regeneration
HPRegen 0.97/turn               Z - ring of wizardry
MPRegen 0.11/turn               (no ring)

@: brilliant, lethally poisoned (-1 -> -12)
A: fangs 1, strong nose, distributed training
a: no special abilities


You were on level 4 of the Dungeon.
You visited 1 branch of the dungeon, and saw 4 of its levels.

You collected 148 gold pieces.


Innate Abilities, Weirdness & Mutations

You have very sharp teeth.
Your uncanny sense of smell can sniff out nearby items.
Your experience applies equally to all skills.


   Skills:
 + Level 6.9 Fighting
 + Level 2.2 Short Blades
 + Level 2.2 Long Blades
 + Level 2.2 Axes
 + Level 2.2 Maces & Flails
 + Level 5.1 Polearms
 + Level 2.2 Staves
 + Level 2.2 Ranged Weapons
 + Level 2.2 Throwing
 + Level 6.9 Armour
 + Level 2.2 Dodging
 + Level 2.2 Stealth
 + Level 6.9 Shields
 + Level 2.2 Unarmed Combat
 + Level 2.2 Spellcasting
 + Level 1.8 Conjurations
 + Level 1.8 Hexes
 + Level 1.8 Summonings
 + Level 1.8 Necromancy
 + Level 1.8 Translocations
 + Level 1.8 Transmutations
 + Level 1.8 Fire Magic
 + Level 1.8 Ice Magic
 + Level 1.8 Air Magic
 + Level 1.8 Earth Magic
 + Level 1.8 Poison Magic
 + Level 2.5 Invocations
 + Level 2.2 Evocations


You had 9 spell levels left.
You didn't know any spells.
Your spell library contained the following spells:

 Spells                   Type           Power      Damage    Failure   Level
 Necrotise                Necr           28%        1d5       24%         1
 Ensorcelled Hibernation  Hex/Ice        14%        N/A       32%         2
 Passwall                 Tmut/Erth      5%         N/A       32%         2
 Static Discharge         Conj/Air       7%         3-4/arc   32%         2
 Gell's Gravitas          Tloc           7%         N/A       54%         3
 Lesser Beckoning         Tloc           7%         N/A       54%         3
 Swiftness                Air            7%         N/A       54%         3
 Teleport Other           Tloc           7%         N/A       54%         3
 Vampiric Draining        Necr           7%         2d6       54%         3
 Agony                    Necr           7%         N/A       99%         5
 Lightning Bolt           Conj/Air       3%         1d15      99%         5
 Maxwell's Capacitive Co  Air            3%         ∞         100%        8

Inventory:

Hand Weapons
 a - a +0 trident (weapon)
Missiles
 r - 3 boomerangs (quivered)
Armour
 b - a +0 scale mail (worn)
 c - a +0 buckler (worn)
Jewellery
 i - an amulet of regeneration (around neck)
 Z - a ring of wizardry (left hand)
Wands
 o - a wand of iceblast (11)
Scrolls
 f - a scroll of enchant armour {unknown}
 g - a scroll of identify {unknown}
 j - 3 scrolls of teleportation {unknown}
 n - a scroll of amnesia {unknown}
 p - a scroll of fear {unknown}
 q - a scroll of torment {unknown}
 s - a scroll of noise {unknown}
Potions
 d - a potion of might
 e - a potion of brilliance
 h - a potion of attraction {unknown}
 k - 2 potions of cancellation {unknown}
 l - a potion of heal wounds {unknown}
 m - a potion of berserk rage {unknown}
 t - a potion of ambrosia {unknown}

Dungeon Overview and Level Annotations

Branches:
Dungeon (4/15)
 Temple: D:4-7

Altars:
Fedhas
Ru
Trog
Uskayaw

### #.. #.# #.# #.# #.#
#####.#
####...#.#########.##..
##..+...'.......@oo..'>.
....#...###########.##..
........### ........'.#
...#....#.#########
.#.#.##...#.......#
.#.#......#.#####.#
##.####.#.#.#<..#.#######∆
'.........).............#


You could see 2 orcs.


Message History

You puncture the orc!
You kill the orc!
An orc comes into view. It is wielding a +0 flail.
You barely miss the kobold. You block the kobold's attack.
You hit the kobold but do no damage. You block the kobold's attack.
You barely miss the kobold. Your bite misses the kobold.
The kobold hits you but does no damage.
You barely miss the kobold. The kobold closely misses you.
You hit the kobold. You bite the kobold.
You kill the kobold!
You barely miss the orc.
The orc hits you with a +2 hand axe of venom.
* * * LOW HITPOINT WARNING * * *
You barely miss the orc. You block the orc's attack.
You closely miss the orc. You block the orc's attack.
The orc hits you with a +2 hand axe of venom.
* * * LOW HITPOINT WARNING * * *
You are poisoned.
You barely miss the orc. You bite the orc, but do no damage.
You feel very sick.
The orc hits you with a +2 hand axe of venom.
* * * LOW HITPOINT WARNING * * *
You are more poisoned.
Unknown command.
Unknown command.
Unknown command.
Unknown command.
It was a potion of brilliance.
You feel clever all of a sudden.
You die...

Skill      XL: |  1  2  3  4  5  6 |
---------------+-------------------+-----
Invocations    | 1 2 |  2.5
Short Blades   | 1 2 |  2.2
Long Blades    | 1 2 |  2.2
Axes           | 1 2 |  2.2
Maces & Flails | 1 2 |  2.2
Staves         | 1 2 |  2.2
Ranged Weapons | 1 2 |  2.2
Throwing       | 1 2 |  2.2
Dodging        | 1 2 |  2.2
Stealth        | 1 2 |  2.2
Unarmed Combat | 1 2 |  2.2
Spellcasting   | 1 2 |  2.2
Evocations     | 1 2 |  2.2
Conjurations   | 1 |  1.8
Hexes          | 1 |  1.8
Summonings     | 1 |  1.8
Necromancy     | 1 |  1.8
Translocations | 1 |  1.8
Transmutations | 1 |  1.8
Fire Magic     | 1 |  1.8
Ice Magic      | 1 |  1.8
Air Magic      | 1 |  1.8
Earth Magic    | 1 |  1.8
Poison Magic   | 1 |  1.8
Polearms       | 5 |  5.1
Fighting       | |  6.9
Armour         | |  6.9
Shields        | |  6.9

Action                   |  1- 3 |  4- 6 || total
-------------------------+-------+-------++-------
Melee: Trident           |   120 |   113 ||   233
       Bite              |     6 |     9 ||    15
Evoke: Wand              |       |     5 ||     5
  Use: Potion            |       |     1 ||     1
Armor: Scale mail        |    52 |    36 ||    88
Dodge: Dodged            |    50 |    25 ||    75
Block: Buckler           |    29 |    20 ||    49

Levels and vault maps discovered:
D:1:      lordsloth_arrival_two_stooges, layout_loops_ring,
          dreamdust_ecumenical_altar_hidden_monk_grotto
D:2:      layout_basic, roderic_serpentine_path, due_unseen_surprise
D:3:      layout_basic
D:4:      layout_basic, nicolae_overflow_hidden_temple, hangedman_decor_opposing

Notes
Turn   | Place    | Note
-------+----------+-------------------------------------------
     0 | D:1      | xzight the Gnoll Fighter began the quest for the Orb.
     0 | D:1      | Reached XP level 1. HP: 23/23 MP: 1/1
   147 | D:1      | Reached XP level 2. HP: 28/29 MP: 2/2
   506 | D:1      | Reached XP level 3. HP: 35/35 MP: 3/3
   716 | D:1      | Found a faded altar of an unknown god.
   952 | D:2      | Reached skill level 1 in Invocations
  1041 | D:2      | Reached skill level 1 in Short Blades
  1041 | D:2      | Reached skill level 1 in Long Blades
  1041 | D:2      | Reached skill level 1 in Axes
  1041 | D:2      | Reached skill level 1 in Maces & Flails
  1041 | D:2      | Reached skill level 1 in Staves
  1041 | D:2      | Reached skill level 1 in Ranged Weapons
  1041 | D:2      | Reached skill level 1 in Throwing
  1041 | D:2      | Reached skill level 1 in Dodging
  1041 | D:2      | Reached skill level 1 in Stealth
  1041 | D:2      | Reached skill level 1 in Unarmed Combat
  1041 | D:2      | Reached skill level 1 in Spellcasting
  1041 | D:2      | Reached skill level 1 in Evocations
  1133 | D:2      | Reached XP level 4. HP: 37/41 MP: 5/5
  1307 | D:2      | Reached skill level 1 in Conjurations
  1307 | D:2      | Reached skill level 1 in Hexes
  1307 | D:2      | Reached skill level 1 in Summonings
  1307 | D:2      | Reached skill level 1 in Necromancy
  1307 | D:2      | Reached skill level 1 in Translocations
  1307 | D:2      | Reached skill level 1 in Transmutations
  1307 | D:2      | Reached skill level 1 in Fire Magic
  1307 | D:2      | Reached skill level 1 in Ice Magic
  1307 | D:2      | Reached skill level 1 in Air Magic
  1307 | D:2      | Reached skill level 1 in Earth Magic
  1307 | D:2      | Reached skill level 1 in Poison Magic
  2076 | D:4      | Noticed a black bear
  2146 | D:4      | Found a blossoming altar of Fedhas.
  2148 | D:4      | Found a bloodstained altar of Trog.
  2390 | D:4      | Reached XP level 5. HP: 46/47 MP: 7/7
  2420 | D:4      | Killed a black bear
  2421 | D:4      | Reached skill level 2 in Invocations
  2421 | D:4      | Reached XP level 6. HP: 53/53 MP: 8/8
  2526 | D:4      | Noticed a black bear
  2530 | D:4      | Killed a black bear
  2531 | D:4      | Reached skill level 2 in Short Blades
  2531 | D:4      | Reached skill level 2 in Long Blades
  2531 | D:4      | Reached skill level 2 in Axes
  2531 | D:4      | Reached skill level 2 in Maces & Flails
  2531 | D:4      | Reached skill level 5 in Polearms
  2531 | D:4      | Reached skill level 2 in Staves
  2531 | D:4      | Reached skill level 2 in Ranged Weapons
  2531 | D:4      | Reached skill level 2 in Throwing
  2531 | D:4      | Reached skill level 2 in Dodging
  2531 | D:4      | Reached skill level 2 in Stealth
  2531 | D:4      | Reached skill level 2 in Unarmed Combat
  2531 | D:4      | Reached skill level 2 in Spellcasting
  2531 | D:4      | Reached skill level 2 in Evocations
  2709 | D:4      | Found a sacrificial altar of Ru.
  2710 | D:4      | Found a hide-covered altar of Uskayaw.
  2773 | D:4      | HP: 2/53 [orc/+2 hand axe of venom (5)]
  2774 | D:4      | Succumbed to an orc's poison

Vanquished Creatures
  2 black bears (D:4)
  2 hounds (D:4)
  2 orc priests (D:4)
  5 adders
  A worm (D:2)
  2 dart slugs
  5 orcs (D:4)
  6 bats
  3 endoplasms
  2 giant cockroaches
  5 goblins
  9 hobgoblins
  2 jackals (D:1)
  3 quokkas (D:1)
  10 ball pythons
  3 frilled lizards (D:3)
  6 kobolds
  2 rats (D:1)
70 creatures vanquished.

Table legend: (Time is in decaauts)
 A = Elapsed time spent in this place.
 B = Non-inter-level travel time spent in this place.
 C = Inter-level travel time spent in this place.
 D = Time resting spent in this place.
 E = Time spent auto-exploring this place.
 F = Levels seen in this place.
 G = Mean time per level.
                   A        B        C        D        E       F      G
               +--------+--------+--------+--------+--------+-----+--------+
         Total |   2797 |   2720 |     77 |      4 |   2062 |   4 |  699.2 |
       Dungeon |   2797 |   2720 |     77 |      4 |   2062 |   4 |  699.2 |
               +--------+--------+--------+--------+--------+-----+--------+

Top non-repeatable levels by time:
     D:1: 855 daAuts
     D:2: 712 daAuts
     D:4: 664 daAuts
     D:3: 564 daAuts

Table legend:
 A = Non-vault XP
 B = Vault XP
 C = Vault XP percentage of total XP
 D = Non-vault monster count
 E = Vault monster count
 F = Vault count percentage of total count
                 A         B        C        D         E       F
            +---------+---------+-------+---------+---------+-------
      Total |     608 |       0 |   0.0 |      70 |       0 |   0.0
            +---------+---------+-------+---------+---------+-------
        D:1 |      40 |       0 |   0.0 |      21 |       0 |   0.0
        D:2 |      78 |       0 |   0.0 |      21 |       0 |   0.0
        D:3 |      22 |       0 |   0.0 |       8 |       0 |   0.0
        D:4 |     468 |       0 |   0.0 |      20 |       0 |   0.0
            +---------+---------+-------+---------+---------+-------
